 Dungeon Crawl Stone Soup version 0.18.1-50-g88ac8fd (webtiles) character file.

9610 Kirkhe the Nimble (level 11, 0/108 HPs)
             Began as an Octopode Transmuter on Oct 14, 2016.
             Succumbed to a spiny frog's poison
             ... on level 1 of the Lair of Beasts on Oct 15, 2016.
             The game lasted 01:01:08 (20224 turns).

Kirkhe the Nimble (Octopode Transmuter)            Turns: 20224, Time: 01:01:09

Health: 0/108      AC: 25    Str:  9 (11) XL:     11   Next: 49%
Magic:  20/20      EV:  2    Int: 15 (20) God:
Gold:   508        SH:  0    Dex: 12      Spells: 3 memorised, 16 levels left

rFire  + . .     SeeInvis .     f - +2 dagger (venom)
rCold  . . .     Gourm    .     (no shield)
rNeg   + + +     Faith    .     (helmet currently unavailable)
rPois  +         Spirit   .     (no amulet)
rElec  .         Dismiss  .     k - ring of resist corrosion
rCorr  +         Reflect  .     p - ring of poison resistance
SustAt .         Harm     .     w - ring of positive energy
MR     .....     NoTele   +     r - ring of protection from fire
Stlth  +.........               P - ring of positive energy
                                (no ring)
                                (no ring)
                                (no ring)

@: lethally poisoned (0 -> -32), tree-form, very slightly contaminated, hasted,
very quick, not resistant to hostile enchantments, very unstealthy
A: almost no armour, (amphibious), 8 rings, (constrict 8), (antennae 0),
(camouflage 0), clever 1, deterioration 1, mutation resistance 1, (gelatinous
body 0)
a: no special abilities


You were on level 1 of the Lair of Beasts.
You were hungry.
You were a tree.
You visited 2 branches of the dungeon, and saw 11 of its levels.

You collected 508 gold pieces.

Inventory:

Hand Weapons
 f - a +2 dagger of venom (weapon)
 i - a +3 hand crossbow
 y - a +0 dagger of distortion
 N - a +1 quarterstaff of draining
Missiles
 a - 202 arrows
 n - 26 poisoned needles
 q - 87 bolts
 t - 3 silver tomahawks (quivered)
Jewellery
 k - a ring of resist corrosion (left branch)
 p - a ring of poison resistance (right branch)
 r - a ring of protection from fire (on tentacle)
 w - a ring of positive energy (on tentacle)
 P - a ring of positive energy (on tentacle)
Wands
 u - a wand of hasting (2/9)
 A - a wand of iceblast (0/15)
 C - a wand of teleportation (5/9)
 G - a wand of flame (13/48)
 O - a wand of flame (1/48)
 Q - a wand of disintegration (11/24)
Scrolls
 j - a scroll of identify
 m - 6 scrolls of remove curse
 s - 2 scrolls of amnesia
 E - a scroll of holy word
 F - 2 scrolls of fog
Potions
 d - a potion of berserk rage
 e - 3 potions of lignification
 g - a potion of resistance
 l - a potion of flight
 o - 2 potions of cancellation
 H - a potion of magic
Books
 b - a book of Changes

   Spells                             Type                      Level
   a - Beastly Appendage              Transmutation                1
   b - Sticks to Snakes               Transmutation                2
   c - Spider Form                    Transmutation/Poison         3
   d - Ice Form                       Ice/Transmutation            4
   e - Blade Hands                    Transmutation                5
 D - a book of Transfigurations

   Spells                             Type                      Level
   a - Irradiate                      Conjuration/Transmutation    5
   b - Statue Form                    Transmutation/Earth          6
   c - Hydra Form                     Transmutation                6
   d - Dragon Form                    Transmutation                7
Comestibles
 c - 3 bread rations
 h - 5 meat rations
 z - 3 beef jerkies
 B - 7 slices of pizza


   Skills:
 - Level 5.3 Fighting
 - Level 6.1 Short Blades
 - Level 8.2 Crossbows
 + Level 9.7 Dodging
 - Level 3.0 Unarmed Combat
 - Level 6.2 Spellcasting
 - Level 6.0 Transmutations
 * Level 3.9 Evocations


You had 16 spell levels left.
You knew the following spells:

 Your Spells              Type           Power        Failure   Level  Hunger
a - Beastly Appendage     Trmt           ###...       1%          1    None
b - Sticks to Snakes      Trmt           ###.....     1%          2    #......
c - Spider Form           Trmt/Pois      ##........   14%         3    ##.....


Dungeon Overview and Level Annotations

Branches:
Dungeon (10/15)            Temple (0/1) D:6            Lair (1/8) D:9
    Orc: D:9-12

Altars:
Ashenzari
Cheibriados
Gozag
Makhleb
Sif Muna
Vehumet

Annotations:
D:4 exclusion: ogre, Menkaure, Sigmund
D:6 1 exclusion, Gargoyl's ghost, novice DsAK
Lair:1 exclusion: 2 komodo dragons


Innate Abilities, Weirdness & Mutations

You cannot wear most types of armour.
((You are amphibious.))
You can wear up to eight rings at the same time.
((You can use your tentacles to constrict eight enemies at once.))
((Your skin changes colour to match your surroundings (Stealth).))
((Your rubbery body absorbs attacks (AC +1).))
((You have a pair of small antennae on your head.))
Your mind is acute. (Int +2)
Your body sometimes deteriorates upon taking damage.
You are somewhat resistant to further mutation.


Message History

Unknown command.
Evoke which item? (* to show all) (? for menu, Esc to quit)
Okay, then.
Drink which item? (? for menu, Esc to quit)
Okay, then.
Evoke which item? (* to show all) (? for menu, Esc to quit)
Zapping:
Q - a wand of disintegration (12/24)
Press: ? - help, Shift-Dir - straight line, f/p - spiny frog
Aim: a spiny frog (heavily wounded, chance to defeat MR: 76%)
The spiny frog is blasted.
You blow up the spiny frog!
You feel your intelligence returning.
This wand has 11 charges left.
Your transformation is almost over.
* * * LOW HITPOINT WARNING * * *
You feel sick.
Drink which item? (? for menu, Esc to quit)
Your tentacle spike disappears.
You turn into a tree.
Your roots penetrate the ground.
You die...

..>..⌠..## ##..♣.♣♣.♣..♣.♣
.......## #...♣♣♣♣.♣♣♣♣.♣♣
..⌠...### #....♣♣...♣♣...l
......#.# #...............
......#.#####...##..#..(....
.....##.P...................
......................$.....
⌠.⌠.⌠............../.?.((...
.....#..........♣..(..$.(...
..⌠.###.###.................
#...###.##.##..#.####.......
#....##.#####.#### ##.....
##...#..## #.P# #....
##...#...# #.## ....
PP...#..## ##.# ...
......#.# #..## #.....#.#
#.#.#


There were no monsters in sight!

Vanquished Creatures
  A black mamba (Lair:1)
  2 spiny frogs (Lair:1)
  2 two-headed ogres
  10 yaks
  A human (D:7)
  Edmund (D:6)
  2 porcupines (Lair:1)
  Duvessa (D:6)
  4 water moccasins (Lair:1)
  A black bear (D:7)
  5 sky beasts
  An orc warrior (D:7)
  3 ogres
  3 phantoms
  A necrophage (D:7)
  3 wolves (Lair:1)
  5 centaurs
  A crocodile (Lair:1)
  A big kobold (D:7)
  Blork the orc (D:6)
  10 giant frogs
  Dowan (D:6)
  4 scorpions
  9 killer bees (D:7)
  8 wights
  3 crimson imps
  A wasp zombie (D:8)
  2 centaur zombies (D:7)
  3 jellies
  A quasit (D:7)
  2 centaur skeletons
  8 hounds
  6 orc priests
  2 giant frog skeletons
  Jessica (D:2)
  10 orc wizards
  6 iguanas
  4 worker ants
  A killer bee zombie (D:5)
  4 sheep
  2 hound zombies
  3 hound skeletons
  A worker ant zombie (D:7)
  8 gnolls
  25 river rats (Lair:1)
  9 adders
  A howler monkey skeleton (D:5)
  2 shadow imps
  A white imp (D:6)
  2 adder skeletons
  4 worms
  2 dart slugs
  5 giant geckos
  33 orcs
  7 bats
  6 giant cockroaches
  6 goblins
  10 hobgoblins
  15 jackals
  12 kobolds
  8 quokkas
  A giant gecko zombie (D:5)
  8 giant newts
  14 rats
320 creatures vanquished.

Vanquished Creatures (collateral kills)
  A howler monkey (D:5)
  An orc wizard (D:5)
  A worker ant (D:5)
  A gnoll (D:2)
  2 jackals (D:6)
  A ball python (D:6)
7 creatures vanquished.

Vanquished Creatures (others)
  4 fungi
  2 plants
6 creatures vanquished.

Grand Total: 333 creatures vanquished

Notes
Turn   | Place    | Note
--------------------------------------------------------------
     0 | D:1      | Kirkhe the Octopode Transmuter began the quest for the Orb.
     0 | D:1      | Reached XP level 1. HP: 13/13 MP: 3/3
    79 | D:1      | Reached XP level 2. HP: 14/18 MP: 3/5
   446 | D:1      | Reached XP level 3. HP: 13/23 MP: 7/7
   972 | D:2      | Found an opulent altar of Gozag.
   972 | D:2      | Noticed Jessica
   980 | D:2      | Killed Jessica
   980 | D:2      | Reached XP level 4. HP: 18/28 MP: 7/9
  1923 | D:2      | Learned a level 2 spell: Sticks to Snakes
  2285 | D:2      | Reached XP level 5. HP: 33/33 MP: 6/10
  3091 | D:3      | Learned a level 3 spell: Spider Form
  3902 | D:3      | Reached XP level 6. HP: 27/38 MP: 9/12
  4489 | D:4      | Noticed Sigmund
  4840 | D:4      | Reached skill level 5 in Spellcasting
  5585 | D:4      | Reached XP level 7. HP: 43/43 MP: 12/14
  5649 | D:4      | Reached skill level 5 in Transmutations
  5661 | D:4      | Noticed Menkaure
  6137 | D:5      | Entered Level 5 of the Dungeon
  6326 | D:5      | Found a shattered altar of Ashenzari.
  8329 | D:6      | Noticed Blork the orc
  8465 | D:6      | Noticed Edmund
  8508 | D:6      | Noticed Gargoyl's ghost (novice DsAK)
  8512 | D:6      | Killed Blork the orc
  8512 | D:6      | Reached skill level 1 in Short Blades
  8512 | D:6      | Reached XP level 8. HP: 34/48 MP: 13/17
  8750 | D:6      | Killed Edmund
  9102 | D:6      | Gained mutation: Your mind is acute. (Int +2) [potion of mutation]
  9102 | D:6      | Gained mutation: Your body sometimes deteriorates upon taking damage. [potion of mutation]
  9102 | D:6      | Gained mutation: You have a pair of small antennae on your head. [potion of mutation]
  9443 | D:6      | Found a staircase to the Ecumenical Temple.
  9443 | D:6      | Noticed Duvessa
  9443 | D:6      | Noticed Dowan
  9485 | D:6      | Reached skill level 5 in Short Blades
 10152 | D:7      | Reached skill level 1 in Crossbows
 10396 | D:7      | Identified a scroll of acquirement
 10458 | D:7      | Reached XP level 9. HP: 31/53 MP: 18/18
 10663 | D:7      | Reached skill level 3 in Dodging
 11074 | D:6      | Killed Duvessa
 11074 | D:6      | Reached skill level 4 in Dodging
 11079 | D:6      | Killed Dowan
 11999 | D:7      | Reached skill level 5 in Dodging
 12359 | D:7      | Found a deep blue altar of Sif Muna.
 12428 | D:7      | Reached skill level 5 in Crossbows
 12685 | D:7      | Reached XP level 10. HP: 24/62 MP: 19/19
 13448 | D:7      | Reached skill level 6 in Dodging
 14628 | D:8      | Found a snail-covered altar of Cheibriados.
 15060 | D:9      | Found a staircase to the Lair.
 15233 | D:9      | Found a radiant altar of Vehumet.
 15326 | D:9      | Reached skill level 5 in Fighting
 15690 | D:9      | Reached skill level 7 in Dodging
 15924 | D:9      | Found a radiant altar of Vehumet.
 15925 | D:9      | Found a burning altar of Makhleb.
 16199 | D:10     | Entered Level 10 of the Dungeon
 16270 | D:10     | Gained mutation: You are somewhat resistant to further mutation. [mutagenic meat]
 17550 | D:9      | Reached XP level 11. HP: 38/70 MP: 20/20
 17723 | Lair:1   | Entered Level 1 of the Lair of Beasts
 17764 | Lair:1   | Noticed a six-headed hydra
 17783 | Lair:1   | Reached skill level 1 in Evocations
 18002 | Lair:1   | Reached skill level 8 in Dodging
 18967 | Lair:1   | Reached skill level 9 in Dodging
 20222 | Lair:1   | HP: 3/72 [poisoned by a spiny frog]
 20223 | Lair:1   | HP: 1/72 [poisoned by a spiny frog]
 20224 | Lair:1   | Succumbed to a spiny frog's poison

Skill      XL: |  1  2  3  4  5  6  7  8  9 10 11 |
---------------+----------------------------------+-----
Spellcasting   | 3 4 5 6 |  6.2
Transmutations | 3 4 6 |  6.0
Short Blades   | 1 6 |  6.1
Crossbows      | 1 5 8 |  8.2
Dodging        | 5 7 9 |  9.7
Fighting       | 4 5 |  5.3
Evocations     | 3 |  3.9
Unarmed Combat | |  3.0

Action                   |  1- 3 |  4- 6 |  7- 9 | 10-12 || total
-------------------------+-------+-------+-------+-------++-------
Melee: Unarmed           |    75 |   209 |   107 |       ||   391
       Constrict         |    23 |    54 |    72 |    69 ||   218
       Tentacles         |    10 |    30 |    78 |    89 ||   207
       Punch             |     2 |     6 |     9 |     7 ||    24
       Kick              |     9 |    33 |    99 |    82 ||   223
       Dagger            |       |       |   295 |   494 ||   789
 Fire: Hand crossbow     |       |       |    33 |   175 ||   208
Throw: Throwing net      |       |     2 |       |       ||     2
 Cast: Beastly Appendage |    10 |    35 |    41 |    21 ||   107
       Sticks to Snakes  |       |     3 |     8 |       ||    11
Evoke: Wand              |       |     3 |     4 |    13 ||    20
  Use: Potion            |     1 |     5 |    10 |     5 ||    21
       Scroll            |       |     9 |     9 |    12 ||    30
 Stab: Sleeping          |     4 |     6 |     1 |     3 ||    14
       Distracted        |       |     1 |     1 |     1 ||     3
  Eat: Chunk             |       |    15 |     9 |    12 ||    36
       Bread ration      |       |       |     2 |     3 ||     5
       Meat ration       |       |       |     1 |       ||     1
Armor: Skin              |     4 |    22 |    17 |     3 ||    46
Dodge: Dodged            |    46 |   147 |   211 |   310 ||   714
